TOP OF THE 1ST |
Paris Cubs batting - Pitching for Trois-Riveres Aigles : LHP Han Keijzer
|
Pitching: LHP Han Keijzer
|
|
Batting: RHB Lencho Otieno
|
0-0: Called Strike 0-1: Foul Ball, location: 2F 0-2: Strikes out swinging
|
Batting: SHB Jim Lloyd
|
0-0: Foul Ball, location: 2F 0-1: Ball 1-1: Swinging Strike 1-2: Strikes out looking
|
Batting: RHB Jorge Lagunas
|
0-0: Ball 1-0: Ball 2-0: Called Strike 2-1: SINGLE (Groundball, 4MD, EV 105.6 MPH)
|
Batting: LHB Jeremy Rideout
|
0-0: Ball 1-0: Called Strike 1-1: Foul Ball, location: 2F 1-2: Strikes out looking
|
Top of the 1st over - 0 runs, 1 hit, 0 errors, 1 left on base; Paris 0 - Trois-Riveres 0 |
BOTTOM OF THE 1ST |
Trois-Riveres Aigles batting - Pitching for Paris Cubs : RHP Melvin Orengo
|
Pitching: RHP Melvin Orengo
|
|
Batting: RHB Luis Jara
|
0-0: Ball 1-0: Fly out, F8 (Flyball, 8RM, EV 90.0 MPH)
|
Batting: RHB Dave Valdez
|
0-0: Ball 1-0: Called Strike 1-1: Ball 2-1: Called Strike 2-2: Foul Ball, location: 2F 2-2: Ball 3-2: Strikes out swinging
|
Batting: RHB Kyler Seitz
|
0-0: Ball 1-0: Called Strike 1-1: Foul Ball, location: 2F 1-2: Fly out, F7 (Line Drive, 78D, EV 109.4 MPH)
|
Bottom of the 1st over - 0 runs, 0 hits, 0 errors, 0 left on base; Paris 0 - Trois-Riveres 0 |
TOP OF THE 2ND |
Paris Cubs batting - Pitching for Trois-Riveres Aigles : LHP Han Keijzer
|
Batting: LHB David Mendez
|
0-0: Ball 1-0: Ball 2-0: Ball 3-0: Base on Balls
|
Batting: LHB Jose Mafano
|
0-0: Grounds into double play, 3-6-3 (Groundball, 3, EV 86.2 MPH)
|
Batting: RHB Michihisa Tanaka
|
0-0: Called Strike 0-1: Ball 1-1: Foul Ball, location: 2F 1-2: Ground out 5-3 (Groundball, 5, EV 104.4 MPH)
|
Top of the 2nd over - 0 runs, 0 hits, 0 errors, 0 left on base; Paris 0 - Trois-Riveres 0 |
BOTTOM OF THE 2ND |
Trois-Riveres Aigles batting - Pitching for Paris Cubs : RHP Melvin Orengo
|
Batting: SHB Omar Cervantes
|
0-0: Ball 1-0: Ball 2-0: Called Strike 2-1: Foul Ball, location: 2F 2-2: Foul Ball, location: 2F 2-2: Fly out, F7 (Flyball, 7D, EV 82.5 MPH)
|
Batting: RHB Tim Dower
|
0-0: Ball 1-0: Called Strike 1-1: Called Strike 1-2: Strikes out swinging
|
Batting: RHB Tony Bonilla
|
0-0: Called Strike 0-1: Ball 1-1: Ground out 1-3 (Groundball, 15S, EV 68.1 MPH)
|
Bottom of the 2nd over - 0 runs, 0 hits, 0 errors, 0 left on base; Paris 0 - Trois-Riveres 0 |
TOP OF THE 3RD |
Paris Cubs batting - Pitching for Trois-Riveres Aigles : LHP Han Keijzer
|
Batting: RHB Willie Rubio
|
0-0: Called Strike 0-1: Foul Ball, location: 2F 0-2: Foul Ball, location: 2F 0-2: Ball 1-2: Ground out 4-3 (Groundball, 34, EV 96.9 MPH)
|
Batting: RHB Jesus Resendez
|
0-0: Ball 1-0: Called Strike 1-1: Foul Ball, location: 2F 1-2: Foul Ball, location: 2F 1-2: Strikes out looking
|
Batting: RHB Lencho Otieno
|
0-0: Called Strike 0-1: Ball 1-1: Called Strike 1-2: Ball 2-2: Strikes out swinging, 2-3 out at first.
|
Top of the 3rd over - 0 runs, 0 hits, 0 errors, 0 left on base; Paris 0 - Trois-Riveres 0 |
BOTTOM OF THE 3RD |
Trois-Riveres Aigles batting - Pitching for Paris Cubs : RHP Melvin Orengo
|
Batting: RHB Willie Acevedo
|
0-0: Ball 1-0: DOUBLE (Line Drive, 78D, EV 105.6 MPH)
|
Batting: RHB Sandoval Serzedelo
|
0-0: Swinging Strike 0-1: Foul Ball, location: 2F 0-2: Strikes out looking
|
Batting: RHB Ben Saxton
|
0-0: Called Strike 0-1: Foul Ball, location: 2F 0-2: Ball 1-2: Ball 2-2: Strikes out swinging
|
Batting: RHB Luis Jara
|
0-0: Ball 1-0: Foul Ball, location: 2F 1-1: Ball 2-1: Swinging Strike 2-2: Strikes out swinging
|
Bottom of the 3rd over - 0 runs, 1 hit, 0 errors, 1 left on base; Paris 0 - Trois-Riveres 0 |
TOP OF THE 4TH |
Paris Cubs batting - Pitching for Trois-Riveres Aigles : LHP Han Keijzer
|
Batting: SHB Jim Lloyd
|
0-0: Ball 1-0: Ball 2-0: SINGLE (Flyball, 8LS, EV 95.6 MPH)
|
Batting: RHB Jorge Lagunas
|
0-0: Called Strike 0-1: Ball 1-1: Ball 2-1: Called Strike 2-2: Strikes out swinging
|
Batting: LHB Jeremy Rideout
|
0-0: Fly out, F9 (Flyball, 9S, EV 82.5 MPH)
|
Batting: LHB David Mendez
|
0-0: Ball 1-0: Ball Jim Lloyd steals 2nd base 2-0: Ball 3-0: Base on Balls
|
Batting: LHB Jose Mafano
|
0-0: Called Strike 0-1: Ball 1-1: Called Strike 1-2: Foul Ball, location: 2F 1-2: Strikes out looking
|
Top of the 4th over - 0 runs, 1 hit, 0 errors, 2 left on base; Paris 0 - Trois-Riveres 0 |
BOTTOM OF THE 4TH |
Trois-Riveres Aigles batting - Pitching for Paris Cubs : RHP Melvin Orengo
|
Batting: RHB Dave Valdez
|
0-0: Called Strike 0-1: Ball 1-1: Called Strike 1-2: Ball 2-2: Fly out, F8 (Flyball, 8LM, EV 91.2 MPH)
|
Batting: RHB Kyler Seitz
|
0-0: Ball 1-0: Ball 2-0: Foul Ball, location: 2F 2-1: Ball 3-1: Called Strike 3-2: Foul Ball, location: 2F 3-2: Foul Ball, location: 2F 3-2: Foul Ball, location: 2F 3-2: Foul Ball, location: 2F 3-2: SOLO HOME RUN (Line Drive, 7D, EV 97.5 MPH), Distance : 393 ft
|
Batting: SHB Omar Cervantes
|
0-0: Called Strike 0-1: Foul Ball, location: 2F 0-2: Strikes out looking
|
Batting: RHB Tim Dower
|
0-0: Ball 1-0: Called Strike 1-1: DOUBLE (Line Drive, 9LS, EV 94.4 MPH)
|
Batting: RHB Tony Bonilla
|
0-0: Ball 1-0: Ball 2-0: Ball Passed Ball! Tim Dower to third 3-0: Base on Balls
|
Pitching: LHP Jose Gutierres
|
|
Batting: RHB Willie Acevedo
|
0-0: Ball 1-0: Swinging Strike 1-1: Ball 2-1: SINGLE (Groundball, 34D, EV 104.4 MPH) Tim Dower scores Tony Bonilla to second Runner from 2nd tries for 3rd, SAFE, throw by RF made to third Willie Acevedo to second
|
Batting: RHB Sandoval Serzedelo
|
0-0: Called Strike 0-1: Foul Ball, location: 2F 0-2: Strikes out swinging
|
Bottom of the 4th over - 2 runs, 3 hits, 0 errors, 2 left on base; Paris 0 - Trois-Riveres 2 |
TOP OF THE 5TH |
Paris Cubs batting - Pitching for Trois-Riveres Aigles : LHP Han Keijzer
|
Batting: RHB Michihisa Tanaka
|
0-0: Ball 1-0: Ball 2-0: Ball 3-0: Base on Balls
|
Batting: RHB Willie Rubio
|
0-0: Swinging Strike 0-1: Ball 1-1: Foul Ball, location: 2F 1-2: Strikes out swinging
|
Batting: RHB Jesus Resendez
|
0-0: Ball 1-0: Grounds into double play, 6-4-3 (Groundball, 6, EV 90.0 MPH)
|
Top of the 5th over - 0 runs, 0 hits, 0 errors, 0 left on base; Paris 0 - Trois-Riveres 2 |
BOTTOM OF THE 5TH |
Trois-Riveres Aigles batting - Pitching for Paris Cubs : LHP Jose Gutierres
|
Batting: RHB Ben Saxton
|
0-0: Ball 1-0: Foul Ball, location: 2F 1-1: Swinging Strike 1-2: Ball 2-2: Ground out 5-3 (Groundball, 56, EV 87.5 MPH)
|
Batting: RHB Luis Jara
|
0-0: Called Strike 0-1: DOUBLE (Line Drive, 89D, EV 106.2 MPH)
|
Batting: RHB Dave Valdez
|
0-0: Called Strike 0-1: Ball 1-1: Swinging Strike Passed Ball! Luis Jara to third 1-2: Fly out, F8 (Line Drive, 8RM, EV 93.1 MPH) Runner from 3rd tags up, SCORES, throw by CF
|
Pitching: LHP Noah Hornby
|
|
Batting: RHB Kyler Seitz
|
0-0: Foul Ball, location: 2F 0-1: Ball 1-1: Foul Ball, location: 2F 1-2: Ball 2-2: Ball 3-2: DOUBLE (Line Drive, 9LS, EV 103.1 MPH)
|
Batting: SHB Omar Cervantes
|
0-0: Ball 1-0: Ball 2-0: Ball 3-0: Called Strike 3-1: Base on Balls
|
Batting: RHB Tim Dower
|
0-0: Foul Ball, location: 2F 0-1: Swinging Strike 0-2: Ball 1-2: Ball 2-2: Strikes out swinging
|
Bottom of the 5th over - 1 run, 2 hits, 0 errors, 2 left on base; Paris 0 - Trois-Riveres 3 |
TOP OF THE 6TH |
Paris Cubs batting - Pitching for Trois-Riveres Aigles : LHP Han Keijzer
|
Batting: RHB Lencho Otieno
|
0-0: Swinging Strike 0-1: SINGLE (Groundball, 56D, EV 96.2 MPH)
|
Batting: SHB Jim Lloyd
|
0-0: Ball 1-0: Grounds into double play, 6-4-3 (Groundball, 6, EV 83.1 MPH)
|
Batting: RHB Jorge Lagunas
|
0-0: Called Strike 0-1: Swinging Strike 0-2: Foul Ball, location: 2F 0-2: SINGLE (Groundball, 6M, EV 94.4 MPH)
|
Batting: LHB Jeremy Rideout
|
0-0: Ball 1-0: Fly out, F8 (Flyball, 8RD, EV 79.4 MPH)
|
Top of the 6th over - 0 runs, 2 hits, 0 errors, 1 left on base; Paris 0 - Trois-Riveres 3 |
BOTTOM OF THE 6TH |
Trois-Riveres Aigles batting - Pitching for Paris Cubs : LHP Noah Hornby
|
Batting: RHB Tony Bonilla
|
0-0: Ball 1-0: Called Strike 1-1: SINGLE (Line Drive, 6MD, EV 100.0 MPH)
|
Pitching: RHP Robbie Schoen
|
|
Batting: RHB Willie Acevedo
|
0-0: Called Strike 0-1: Ball Tony Bonilla steals 2nd base 1-1: Swinging Strike 1-2: Ball 2-2: Strikes out swinging
|
Batting: RHB Sandoval Serzedelo
|
0-0: Foul Ball, location: 2F 0-1: Ball 1-1: Foul Ball, location: 2F 1-2: Strikes out swinging
|
Batting: RHB Ben Saxton
|
0-0: Called Strike 0-1: Called Strike 0-2: Foul Ball, location: 2F 0-2: SINGLE (Line Drive, 34D, EV 101.2 MPH) Tony Bonilla to third
|
Batting: RHB Luis Jara
|
0-0: Ground out 5-3 (Groundball, 56S, EV 83.1 MPH)
|
Bottom of the 6th over - 0 runs, 2 hits, 0 errors, 2 left on base; Paris 0 - Trois-Riveres 3 |
TOP OF THE 7TH |
Paris Cubs batting - Pitching for Trois-Riveres Aigles : LHP Han Keijzer
|
Batting: LHB David Mendez
|
0-0: Ball 1-0: Ball 2-0: Swinging Strike 2-1: Foul Ball, location: 2F 2-2: Ball 3-2: SINGLE (Groundball, 6D, EV 102.5 MPH)
|
Batting: LHB Jose Mafano
|
0-0: Ball 1-0: Called Strike 1-1: Swinging Strike 1-2: Ball 2-2: Foul Ball, location: 2F 2-2: Strikes out looking
|
Batting: RHB Michihisa Tanaka
|
0-0: Ball 1-0: Ball 2-0: Swinging Strike 2-1: Foul Ball, location: 2F 2-2: Ball 3-2: Base on Balls David Mendez to second
|
Batting: RHB Willie Rubio
|
0-0: Called Strike 0-1: Ball 1-1: Foul Ball, location: 2F 1-2: Ball 2-2: Strikes out swinging
|
Batting: RHB Jesus Resendez
|
0-0: Fielders Choice at 2nd, 6-4 (Groundball, 6, EV 85.0 MPH)
|
Top of the 7th over - 0 runs, 1 hit, 0 errors, 2 left on base; Paris 0 - Trois-Riveres 3 |
BOTTOM OF THE 7TH |
Trois-Riveres Aigles batting - Pitching for Paris Cubs : RHP Robbie Schoen
|
Batting: RHB Dave Valdez
|
0-0: Ball 1-0: Ball 2-0: Called Strike 2-1: Ball 3-1: Swinging Strike 3-2: Base on Balls
|
Pitching: RHP Alberto Cabrera
|
|
Batting: RHB Kyler Seitz
|
0-0: Ball 1-0: SINGLE (Groundball, 34D, EV 96.9 MPH) Dave Valdez to second Runner from 2nd tries for 3rd, SAFE, throw by RF made to third
|
Batting: SHB Omar Cervantes
|
0-0: Ball 1-0: SINGLE (Line Drive, 78S, EV 92.5 MPH) Dave Valdez scores Kyler Seitz to second
|
Batting: RHB Tim Dower
|
0-0: Fielders Choice at 2nd, 6-4 (Groundball, 56, EV 97.5 MPH) Kyler Seitz to third
|
Batting: RHB Tony Bonilla
|
0-0: Called Strike 0-1: Called Strike 0-2: Ball 1-2: Ball 2-2: Fly out, F8 (Flyball, 8LM, EV 81.2 MPH)
|
Batting: RHB Willie Acevedo
|
0-0: Ball 1-0: Ball 2-0: Ball 3-0: Called Strike 3-1: Foul Ball, location: 2F 3-2: Base on Balls Tim Dower to second
|
Batting: RHB Sandoval Serzedelo
|
0-0: Ball 1-0: Foul Ball, location: 2F 1-1: Foul Ball, location: 2F 1-2: Ball 2-2: Fly out, F7 (Flyball, 7LM, EV 88.8 MPH)
|
Bottom of the 7th over - 1 run, 2 hits, 0 errors, 3 left on base; Paris 0 - Trois-Riveres 4 |
TOP OF THE 8TH |
Paris Cubs batting - Pitching for Trois-Riveres Aigles : LHP Han Keijzer
|
Batting: RHB Lencho Otieno
|
0-0: Ball 1-0: Foul Ball, location: 2F 1-1: Ball 2-1: Fly out, F8 (Flyball, 8LM, EV 93.8 MPH)
|
Batting: SHB Jim Lloyd
|
0-0: Called Strike 0-1: Ball 1-1: SOLO HOME RUN (Flyball, 7D, EV 99.4 MPH), Distance : 395 ft
|
Batting: RHB Jorge Lagunas
|
0-0: Ball 1-0: Ball 2-0: Swinging Strike 2-1: Called Strike 2-2: Ball 3-2: Base on Balls
|
Pitching: LHP Matt Bayer
|
|
Batting: LHB Jeremy Rideout
|
0-0: Ball 1-0: Fly out, F9 (Flyball, 89S, EV 83.1 MPH)
|
Batting: LHB David Mendez
|
0-0: Called Strike 0-1: 2-RUN HOME RUN (Flyball, 9D, EV 100.0 MPH), Distance : 387 ft
|
Batting: LHB Jose Mafano
|
0-0: Called Strike 0-1: Ball 1-1: Foul Ball, location: 2F 1-2: Ground out 1-3 (Groundball, 34S, EV 65.6 MPH)
|
Top of the 8th over - 3 runs, 2 hits, 0 errors, 0 left on base; Paris 3 - Trois-Riveres 4 |
BOTTOM OF THE 8TH |
Trois-Riveres Aigles batting - Pitching for Paris Cubs : RHP Alberto Cabrera
|
Pitching: RHP Jose Mata
|
|
Batting: RHB Ben Saxton
|
0-0: Reached on error, E6 (Groundball, 6, EV 88.1 MPH)
|
Batting: RHB Luis Jara
|
0-0: Bunted foul 0-1: Ball 1-1: Sac Bunt to 23 - play at first, batter OUT! 3-4 Ben Saxton to second
|
Batting: RHB Dave Valdez
|
0-0: Ball 1-0: DOUBLE (Line Drive, 78M, EV 109.4 MPH) Ben Saxton scores
|
Batting: RHB Kyler Seitz
|
0-0: Called Strike 0-1: Swinging Strike 0-2: Strikes out looking
|
Batting: SHB Omar Cervantes
|
0-0: Ball Wild Pitch! Dave Valdez to third 1-0: Ball 2-0: Ball 3-0: Called Strike 3-1: Base on Balls
|
Batting: RHB Tim Dower
|
0-0: Ball Passed Ball! Dave Valdez scores Omar Cervantes to second 1-0: SINGLE (Groundball, 34, EV 100.6 MPH) Omar Cervantes to third Runner from 3rd tries for Home, SAFE, throw by RF to home
|
Pitching: RHP Mike Reusch
|
|
Batting: RHB Tony Bonilla
|
0-0: Ball 1-0: SINGLE (Flyball, 34D, EV 91.9 MPH) Tim Dower to second Runner from 2nd tries for 3rd, SAFE, throw by RF made to third
|
Batting: RHB Willie Acevedo
|
0-0: Foul Ball, location: 2F 0-1: 3-RUN HOME RUN (Flyball, 7D, EV 98.8 MPH), Distance : 386 ft
|
Pinch Hitting: RHB Joe Hartigan
|
0-0: Foul Ball, location: 2F 0-1: Ball 1-1: Called Strike 1-2: Foul Ball, location: 2F 1-2: Strikes out swinging
|
Bottom of the 8th over - 6 runs, 4 hits, 1 error, 0 left on base; Paris 3 - Trois-Riveres 10 |
TOP OF THE 9TH |
Paris Cubs batting - Pitching for Trois-Riveres Aigles : LHP Matt Bayer
|
Now in LF: Joe Hartigan
|
|
Now in RF: Tony Bonilla
|
|
Batting: RHB Michihisa Tanaka
|
0-0: Ball 1-0: Called Strike 1-1: Called Strike 1-2: Ball 2-2: Strikes out swinging
|
Batting: RHB Willie Rubio
|
0-0: Ball 1-0: Called Strike 1-1: Called Strike 1-2: Foul Ball, location: 2F 1-2: Ball 2-2: Ball 3-2: Ground out 4-3 (Groundball, 34, EV 86.9 MPH)
|
Batting: RHB Jesus Resendez
|
0-0: Called Strike 0-1: Ball 1-1: Called Strike 1-2: Strikes out swinging
|
Top of the 9th over - 0 runs, 0 hits, 0 errors, 0 left on base; Paris 3 - Trois-Riveres 10 |
|